 Dungeon Crawl Stone Soup version 0.30-a0-223-gcb0039aa0c (webtiles) character file.

Game seed: 13275595519785690000

47 qw the Shield-Bearer (level 3, -6/23 HPs)
             Began as a Gargoyle Fighter on Oct 9, 2022.
             Mangled by Sigmund
             ... wielding a +0 scythe
              (10 damage)
             ... on level 2 of the Dungeon.
             The game lasted 00:00:33 (808 turns).

qw the Shield-Bearer (Gargoyle Fighter)              Turns: 808, Time: 00:00:33

Health: -6/23      AC: 10    Str: 21    XL:     3   Next: 70%
Magic:  3/3        EV:  8    Int:  8    God:
Gold:   33         SH:  8    Dex:  9    Spells: 2/2 levels left

rFire   . . .      SeeInvis .    Y - +0 war axe
rCold   . . .      Faith    .    i - +0 kite shield
rNeg    + . .      Spirit   .    b - +0 scale mail
rPois   inf        Reflect  .    (no helmet)
rElec   +          Harm     .    (no cloak)
rCorr   .          Rampage  .    (no gloves)
Will    .....                    (no boots)
Stlth   ..........               (no amulet)
HPRegen 0.23/turn                (no ring)
MPRegen 0.08/turn                (no ring)

@: no status effects
A: sickness immunity, AC +3, negative energy resistance 1, electricity
resistance, torment resistance 1, petrification resistance
a: no special abilities


You were on level 2 of the Dungeon.
You visited 1 branch of the dungeon, and saw 2 of its levels.

You collected 33 gold pieces.


Innate Abilities, Weirdness & Mutations

You are immune to sickness and miasma.
Your stone body is resilient. (AC +3)
You are immune to poison.
You resist negative energy. (rN+)
You are resistant to electric shocks. (rElec)
You are resistant to unholy torment.
You are immune to petrification.


   Skills:
 - Level 3.2 Fighting
 - Level 3.3 Axes
 - Level 3.2 Armour
 + Level 3.5 Shields


You had 2 spell levels left.
You didn't know any spells.
Your spell library was empty.

Inventory:

Hand Weapons
 h - a +0 club
 Y - a +0 war axe (weapon)
Armour
 b - a +0 scale mail (worn)
 i - a +0 kite shield (worn)
Scrolls
 a - a scroll of teleportation
Potions
 c - a potion of degeneration {unknown}
 d - a potion of might
 f - a potion of curing {unknown}
 j - a potion of flight {unknown}

Dungeon Overview and Level Annotations

Branches:
Dungeon (2/15)

Altars:

Annotations:
D:2 Sigmund


Message History

You kill the goblin!
The frilled lizard bites you but does no damage.
Something hits you but does no damage. The frilled lizard bites you.
You hit the kobold.
You kill the kobold!
You closely miss the frilled lizard.
You feel less confused. Something hits you but does no damage.
You block the frilled lizard's attack.
You closely miss the frilled lizard. The frilled lizard closely misses you.
Something hits you. The frilled lizard barely misses you.
You closely miss the frilled lizard. Something hits you but does no damage.
The frilled lizard bites you but does no damage.
You barely miss the frilled lizard.
The frilled lizard bites you but does no damage.
Something hits you! You block the frilled lizard's attack.
You slash the frilled lizard!
You kill the frilled lizard!
You hear some strange, mumbled words.
Something tries to affect you, but you resist.
Something hits you but does no damage.
Items here: $ ( )).
You barely miss something. Something hits you.
You completely miss something. Something hits you.
You slash something! You block something's attack.
You closely miss something.
You hear some strange, mumbled words.
Something tries to affect you, but you resist.
Something completely misses you.
You closely miss something. Something hits you but does no damage.
You barely miss something. Something hits you.
You miss something. Something hits you!
You die...

#.# ##. #.| #.# #..
.... #.# #.# #.... #
#.# #.# $..... ######
#.# #.###...# .....#
#.# #..%..# .###.#
#.######..%#
.###.#####..........###
.....[..........@{....#
.##########...........#
.# #.###.......# ## #.#
###.(.### # #.# .......
. #.# .####### #.# #.
#.# # #.


There were no monsters in sight!

Vanquished Creatures
  A dart slug (D:1)
  7 ball pythons
  5 bats
  5 endoplasms
  4 goblins
  2 hobgoblins (D:1)
  4 jackals (D:1)
  4 quokkas (D:1)
  2 frilled lizards (D:2)
  4 kobolds
  2 rats
40 creatures vanquished.

Notes
Turn   | Place    | Note
-------+----------+-------------------------------------------
     0 | D:1      | qw the Gargoyle Fighter began the quest for the Orb.
     0 | D:1      | Reached XP level 1. HP: 14/14 MP: 1/1
     0 | D:1      | 0 ||| qw: Version: 0.2-a-17-g06abaee
     0 | D:1      | 0 ||| qw: Game counter: 2067
     0 | D:1      | 0 ||| qw: Always use a shield: true
     0 | D:1      | 0 ||| qw: God list: Okawaru
     0 | D:1      | 0 ||| qw: Allow faded altars: false
     0 | D:1      | 0 ||| qw: Do Orc after D:15 true
     0 | D:1      | 0 ||| qw: Do second Lair branch before Depths: true
     0 | D:1      | 0 ||| qw: Lair rune preference: random
     0 | D:1      | 0 ||| qw: Plans: Normal, Zot:1-4, God:TSO, Crypt, Tomb,
                  | Pan, Slime:5, Hells, Abyss, Orb
     0 | D:1      | 0 ||| PLANNING D:1-11
    36 | D:1      | 36 ||| Stepping ~*~*~tactically~*~*~ (stealth).
    47 | D:1      | Reached XP level 2. HP: 15/19 MP: 2/2
    90 | D:1      | 90 ||| Stepping ~*~*~tactically~*~*~ (hiding).
   180 | D:1      | Reached skill level 3 in Axes
   222 | D:1      | Reached XP level 3. HP: 23/23 MP: 3/3
   482 | D:1      | Found a faded altar of an unknown god.
   496 | D:1      | 496 ||| Stepping ~*~*~tactically~*~*~ (stealth).
   651 | D:1      | 651 ||| UPGRADING to +0 kite shield.
   661 | D:1      | 661 ||| DROPPING +0 buckler.
   662 | D:1      | 662 ||| READING scroll labelled WYIDUT LIDIS.
   667 | D:1      | 667 ||| READING scroll labelled PUENNE LAFRA.
   684 | D:1      | 684 ||| READING scroll labelled GITHRU TOILAISOVOA.
   685 | D:1      | 685 ||| READING scroll labelled ULESSI EMNU.
   775 | D:2      | 775 ||| Stepping ~*~*~tactically~*~*~ (stealth).
   775 | D:2      | Noticed Sigmund
   776 | D:2      | 776 ||| Stepping ~*~*~tactically~*~*~ (stealth).
   802 | D:2      | HP: 5/23 [something (3)]
   807 | D:2      | HP: 3/23 [something (2)]
   808 | D:2      | Mangled by Sigmund

Levels and vault maps discovered:
D:1:      heliophobic_arrival_henge, layout_basic,
          hellmonk_ecumenical_altar_inner_sanctum, grunt_decor_mini_mirrors
D:2:      layout_loops_ring, minmay_vboxes, uniq_sigmund

Skill      XL: |  1  2 |
---------------+-------+-----
Axes           | 2 3 |  3.3
Fighting       | |  3.2
Armour         | |  3.2
Shields        | |  3.5

Action                   || total
-------------------------++-------
Melee: War axe           ||   108
  Use: Scroll            ||     4
Armor: Scale mail        ||    80
Dodge: Dodged            ||    56
Block: Buckler           ||    15
       Kite shield       ||    10

Table legend:
 A = Non-vault XP
 B = Vault XP
 C = Vault XP percentage of total XP
 D = Non-vault monster count
 E = Vault monster count
 F = Vault count percentage of total count
                 A         B        C        D         E       F
            +---------+---------+-------+---------+---------+-------
      Total |      63 |       5 |   7.4 |      37 |       3 |   7.5
            +---------+---------+-------+---------+---------+-------
        D:1 |      53 |       0 |   0.0 |      30 |       0 |   0.0
        D:2 |      10 |       5 |  33.3 |       7 |       3 |  30.0
            +---------+---------+-------+---------+---------+-------
